 Dungeon Crawl Stone Soup version 0.26.1-11-gd32895ea62 (webtiles) character file.

Game seed: 10634914972239857062

1007 Almogavar the Cleaver (level 8, -3/70 HPs)
             Began as a Hill Orc Fighter on July 8, 2021.
             Was a Believer of Okawaru.
             Slain by an orc warrior
             ... wielding a +0 trident
              (14 damage)
             ... on level 5 of the Dungeon.
             The game lasted 00:08:31 (5090 turns).

Almogavar the Cleaver (Hill Orc Fighter)            Turns: 5090, Time: 00:08:32

Health: -3/70      AC:  8    Str: 21    XL:     8   Next: 20%
Magic:  8/8        EV:  8    Int:  8    God:    Okawaru [**....]
Gold:   188        SH: 10    Dex: 10    Spells: 7/7 levels left

rFire    . . .     SeeInvis .   a - +0 war axe
rCold    . . .     Faith    .   c - +0 kite shield
rNeg     . . .     Spirit   .   i - +0 scale mail (curse)
rPois    .         Reflect  .   b - +0 helmet
rElec    .         Harm     .   (no cloak)
rCorr    .         Rampage  .   (no gloves)
Will     .....                  (no boots)
Stlth    ..........             (no amulet)
HPRegen  0.21/turn              (no ring)
MPRegen  0.11/turn              (no ring)

@: no status effects
A: no striking features
a: Renounce Religion, Heroism


You were on level 5 of the Dungeon.
You worshipped Okawaru.
Okawaru was pleased with you.
You visited 1 branch of the dungeon, and saw 5 of its levels.

You collected 188 gold pieces.

Inventory:

Hand Weapons
 a - a +0 war axe (weapon)
Missiles
 h - 3 boomerangs of dispersal (quivered)
Armour
 b - a +0 helmet (worn)
 c - a +0 kite shield (worn)
 i - a cursed +0 scale mail (worn)
 o - a +0 chain mail
Scrolls
 e - 3 scrolls of teleportation
 k - 2 scrolls of enchant weapon
 l - a scroll of magic mapping
 m - a scroll of fog
 n - 2 scrolls of remove curse
Potions
 d - a potion of might
 f - a potion of berserk rage {unknown}
 g - a potion of haste
 j - 5 potions of curing
 p - a potion of degeneration {unknown}
 q - a potion of brilliance {unknown}
 r - a potion of lignification {unknown}
 s - 2 potions of attraction {unknown}


   Skills:
 + Level 5.9 Fighting
 + Level 8.0 Axes
 + Level 5.6 Armour
 + Level 1.6 Dodging
 - Level 0.1 Stealth
 + Level 5.1 Shields


You had 7 spell levels left.
You didn't know any spells.
Your spell library was empty.

Dungeon Overview and Level Annotations

Branches:
Dungeon (5/15)
 Temple: D:4-7

Altars:
Cheibriados
Fedhas
Nemelex Xobeh
Okawaru
Ru
Trog

Shops:
D:4 :


Message History

You barely miss the orc warrior.
The orc warrior hits you but does no damage.
You feel better. The orc warrior closely misses you.
You hit the orc warrior but do no damage.
The orc warrior barely misses you.
You barely miss the orc warrior. The orc warrior barely misses you.
You block the orc warrior's attack.
You closely miss the orc warrior.
The orc warrior hits you but does no damage.
You slash the orc warrior!
The orc warrior is heavily wounded.
The orc warrior hits you with a +0 trident.
* * * LOW HITPOINT WARNING * * *
You barely miss the orc warrior.
The orc warrior is heavily wounded.
The orc warrior barely misses you.
You barely miss the orc warrior.
The orc warrior is heavily wounded.
The orc warrior hits you with a +0 trident!
You die...

#..##..# .... ##..
#....... >..P .#.
#....... ...P♣ ♣..#+##
#.......
....♣.......+.......#
...........#.......#
#'!. #.##.######..#
#.o###.##.######..#
#.@†...............
#...))............#
######...).............#
#...#######'##...###...#
#...##..##..##..<###...#
#..................'....
##..##.............#...#
#.####..######...###...#
#.†.######..##>..###...#


You could see an orc warrior.

Vanquished Creatures
  An ice beast (D:5)
  A centaur (D:5)
  3 ogres
  A phantom (D:4)
  An orc priest (D:3)
  2 hounds
  A jelly (D:5)
  An iguana (D:4)
  3 orc wizards
  A worker ant (D:5)
  Robin (D:2)
  6 gnolls
  2 adders
  A shadow imp (D:5)
  2 white imps (D:5)
  2 oozes
  5 worms
  6 dart slugs
  3 leopard geckos
  15 orcs
  A ball python (D:1)
  5 bats
  4 giant cockroaches
  11 goblins (D:2)
  3 hobgoblins
  5 jackals (D:1)
  3 quokkas
  5 frilled lizards
  8 kobolds
  10 rats
113 creatures vanquished.

Notes
Turn   | Place    | Note
-------+----------+-------------------------------------------
     0 | D:1      | Almogavar the Hill Orc Fighter began the quest for the Orb.
     0 | D:1      | Reached XP level 1. HP: 19/19 MP: 1/1
   131 | D:1      | Reached XP level 2. HP: 8/27 MP: 2/2
   397 | D:1      | Reached skill level 3 in Axes
   692 | D:1      | Reached XP level 3. HP: 31/33 MP: 3/3
  1291 | D:2      | Reached skill level 4 in Axes
  1291 | D:2      | Reached XP level 4. HP: 16/40 MP: 4/4
  1573 | D:2      | Noticed Robin
  1586 | D:2      | Killed Robin
  2190 | D:2      | Reached XP level 5. HP: 43/46 MP: 5/5
  2533 | D:3      | Found a blossoming altar of Fedhas.
  2533 | D:3      | Found an iron altar of Okawaru.
  2534 | D:3      | Found a sacrificial altar of Ru.
  2535 | D:3      | Found a sparkling altar of Nemelex Xobeh.
  2535 | D:3      | Found a snail-covered altar of Cheibriados.
  2536 | D:3      | Found a bloodstained altar of Trog.
  2546 | D:3      | Became a worshipper of Warmaster Okawaru
  2659 | D:3      | Reached skill level 1 in Dodging
  3161 | D:4      | Reached skill level 5 in Axes
  3171 | D:4      | Reached XP level 6. HP: 19/55 MP: 6/6
  3484 | D:4      | Noticed a phantom
  3498 | D:4      | Killed a phantom
  3499 | D:4      | Reached skill level 5 in Fighting
  3536 | D:4      | Reached skill level 6 in Axes
  3539 | D:4      | Reached * piety under Okawaru
  3540 | D:4      | Reached XP level 7. HP: 26/61 MP: 7/7
  3831 | D:4      | Found Gosaurghu's Book Emporium.
  4045 | D:5      | Entered Level 5 of the Dungeon
  4296 | D:5      | Reached skill level 5 in Armour
  4625 | D:5      | Reached skill level 7 in Axes
  4667 | D:5      | Reached skill level 5 in Shields
  4667 | D:5      | Reached XP level 8. HP: 18/70 MP: 8/8
  4973 | D:5      | Reached ** piety under Okawaru
  5082 | D:5      | Reached skill level 8 in Axes
  5082 | D:5      | HP: 3/70 [orc warrior/+0 trident (19)]
  5090 | D:5      | Slain by an orc warrior

Illustrated notes

Levels and vault maps discovered:
D:1:      minmay_arrival_shoal_huts, layout_basic, serial_corexii_hall,
          chequers_hall_statues_corner_a, corexii_hall_statues_x
D:2:      layout_basic, uniq_robin
D:3:      layout_rooms, grunt_temple_overflow_open, kennysheep_donut
D:4:      layout_gridville, serial_shops, nicolae_shop_behind_doors,
          kennysheep_generic_room_15
D:5:      layout_gridville, lemuel_doored_altar, serial_park_tiny_2

Skill      XL: |  1  2  3  4  5  6  7  8 |
---------------+-------------------------+-----
Axes           | 3 4 5 6 7 8 |  8.0
Fighting       | 4 5 |  5.9
Armour         | 4 5 |  5.6
Shields        | 4 5 |  5.1
Dodging        | 1 |  1.6
Stealth        | |  0.1

Action                   |  1- 3 |  4- 6 |  7- 9 || total
-------------------------+-------+-------+-------++-------
Melee: War axe           |    75 |   123 |    91 ||   289
  Use: Scroll            |       |     8 |       ||     8
       Potion            |       |       |     1 ||     1
Armor: Scale mail        |    44 |    54 |    32 ||   130
Dodge: Dodged            |    28 |    38 |    31 ||    97
Block: Kite shield       |    40 |    63 |    56 ||   159
